 Dungeon Crawl Stone Soup version 0.18.1-48-g4cf74bf (webtiles) character file.

1448 WarriorsX the Conjurer (level 8, -5/46 HPs)
             Began as a High Elf Air Elementalist on Aug 9, 2016.
             Was an Initiate of Vehumet.
             Slain by an orc warrior
             ... wielding a +0 glaive
              (23 damage)
             ... on level 6 of the Dungeon.
             The game lasted 00:28:20 (8684 turns).

WarriorsX the Conjurer (High Elf Air Elementalist)  Turns: 8684, Time: 00:28:23

Health: -5/46      AC:  5    Str:  7    XL:     8   Next: 46%
Magic:  9/17       EV: 12    Int: 25    God:    Vehumet [......]
Gold:   261        SH:  0    Dex: 15    Spells: 1 memorised, 16 levels left

rFire  + . .     SeeInvis .     v - +4 quarterstaff (chaos)
rCold  . . .     Gourm    .     a - +0 robe
rNeg   . . .     Faith    .     (shield currently unavailable)
rPois  .         Spirit   .     (no helmet)
rElec  +         Dismiss  .     y - +0 cloak {+Inv}
rCorr  .         Reflect  .     e - +1 pair of gloves
SustAt .         Harm     +     (no boots)
MR     +....                    k - amulet of harm
Stlth  +.........               (no ring)
                                x - ring "Louth" {rElec rF+ MR+ Int+3 Stlth-}

@: somewhat resistant to hostile enchantments, very unstealthy
A: hooves 1
a: Renounce Religion, Evoke Invisibility


You were on level 6 of the Dungeon.
You worshipped Vehumet.
Vehumet was noncommittal.
You were very hungry.

You visited 2 branches of the dungeon, and saw 7 of its levels.
You also visited: Sewer.

You collected 261 gold pieces.

Inventory:

Hand Weapons
 l - a +1 short sword
 v - a +4 quarterstaff of chaos (weapon)
Armour
 a - a +0 robe (worn)
 e - a +1 pair of gloves (worn)
 n - a +2 ring mail of poison resistance
 y - a +0 cloak of invisibility (worn)
Jewellery
 k - an amulet of harm (around neck)
 x - the ring "Louth" (left hand) {rElec rF+ MR+ Int+3 Stlth-}
   (You found it on level 4 of the Dungeon)

   [ring of protection from fire]

   It affects your intelligence (+3).
   It protects you from fire.
   It insulates you from electricity.
   It affects your resistance to hostile enchantments.
   It makes you less stealthy.
Wands
 s - a wand of polymorph (7/24)
 C - a wand of disintegration (10/24)
Scrolls
 g - 3 scrolls of enchant armour
 h - a scroll of blinking
 i - a scroll of fog
 o - 2 scrolls of fear
 z - 2 scrolls of teleportation
Potions
 d - 3 potions of brilliance
 f - a potion of haste
 m - a potion of curing
 p - 2 potions of agility
 q - a potion of magic
 t - a potion of heal wounds
 u - a potion of resistance {unknown}
 w - 2 potions of might
 A - a potion of flight
Books
 b - a book of Air

   Spells                             Type                      Level
   a - Shock                          Conjuration/Air              1
   b - Swiftness                      Charms/Air                   2
   c - Repel Missiles                 Charms/Air                   2
   d - Static Discharge               Conjuration/Air              3
   e - Lightning Bolt                 Conjuration/Air              5
 r - a book of Death

   Spells                             Type                      Level
   a - Corpse Rot                     Necromancy                   2
   b - Sublimation of Blood           Necromancy                   2
   c - Agony                          Necromancy                   5
   d - Dispel Undead                  Necromancy                   5
   e - Excruciating Wounds            Charms/Necromancy            5
   f - Bolt of Draining               Conjuration/Necromancy       5
Comestibles
 c - 2 bread rations
 j - 4 meat rations
 B - a fruit


   Skills:
 + Level 0.2 Staves
 - Level 4.0 Armour
 - Level 2.1 Dodging
 - Level 2.1 Stealth
 + Level 5.3 Spellcasting
 + Level 5.8 Conjurations
 + Level 5.4 Air Magic
 - Level 5.1 Evocations


You had 16 spell levels left.
You knew the following spells:

 Your Spells              Type           Power        Failure   Level  Hunger
a - Shock                 Conj/Air       ####         1%          1    None


Dungeon Overview and Level Annotations

Branches:
Dungeon (6/15)             Temple (1/1) D:6

Altars:
Ashenzari
Cheibriados
Dithmenos
Elyvilon
Fedhas
Kikubaaqudgha
Makhleb
Nemelex Xobeh
Okawaru
Pakellas
Qazlal
Ru
Sif Muna
Trog
Vehumet
Xom
Yredelemnul
The Shining One


Innate Abilities, Weirdness & Mutations

You have large cloven feet.


Message History

The orc warrior barely misses you.
Unknown command.
Casting: Shock
Confirm with . or Enter, or press ? or * to list all spells.
Aiming: Shock
Press: ? - help, Shift-Dir - straight line, f/p - orc warrior
Aim: an orc warrior, wielding a glaive and wearing a chain mail (severely wounded)
The zap hits the orc.
You kill the orc!
Vehumet accepts your kill.
The zap hits the orc warrior.
The orc warrior is almost dead.
The zap hits the orc wizard.
The orc wizard is moderately wounded.
The orc wizard gestures wildly while chanting.
The orc wizard flickers and vanishes!
Deactivating autopickup; reactivate with Ctrl-A.
The orc warrior hits you from afar with a glaive!!
Ouch! That really hurt!
You die...

###.....................)........
#..............................
#..............................
###'##..................[......
#...#.........................
####...########'#####......##'###
....................#......#.....
..##...##...........#......#.....
..##...##.......@...#......#.....
..#..............)..#......#.....
..#..............o..#......#...##
..##......).......{.#......#...#.
####................#>.....#...#.
###########.<.##[#......##+##.
###'#...............
..#............... ..
#..............#


You could see an orc warrior.

Vanquished Creatures
  Duvessa (D:6)
  A soldier ant (D:5)
  A black bear (D:6)
  An ogre (D:4)
  A centaur (D:6)
  A giant frog (D:6)
  Dowan (D:6)
  A scorpion (D:5)
  A giant frog zombie (D:6)
  3 crimson imps (D:5)
  A centaur zombie (D:6)
  2 hounds (D:6)
  Crazy Yiuf (D:5)
  3 orc priests
  An iguana (D:5)
  A giant frog skeleton (D:4)
  4 orc wizards
  6 gnolls
  9 adders
  A river rat (D:2)
  A shadow imp (D:5)
  3 worms
  6 dart slugs
  3 giant geckos
  11 orcs
  7 ball pythons
  11 bats
  13 giant cockroaches
  10 goblins
  10 hobgoblins
  7 jackals
  14 kobolds
  2 quokkas (D:3)
  A giant gecko zombie (D:5)
  4 giant newts
  7 rats
  2 plants (Sewer)
153 creatures vanquished.

Vanquished Creatures (others)
  A plant (Sewer)
1 creature vanquished.

Grand Total: 154 creatures vanquished

Notes
Turn   | Place    | Note
--------------------------------------------------------------
     0 | D:1      | WarriorsX the High Elf Air Elementalist began the quest for the Orb.
     0 | D:1      | Reached XP level 1. HP: 11/11 MP: 4/4
   547 | D:1      | Reached XP level 2. HP: 14/17 MP: 1/7
  1268 | D:1      | Reached XP level 3. HP: 21/21 MP: 4/9
  2398 | D:2      | Reached XP level 4. HP: 24/27 MP: 8/11
  2623 | D:2      | Reached skill level 5 in Air Magic
  3547 | D:3      | Reached XP level 5. HP: 28/31 MP: 8/12
  3557 | D:3      | Found a glowing drain.
  3614 | Sewer    | Entered a sewer
  5262 | D:3      | Reached XP level 6. HP: 36/36 MP: 9/13
  5580 | D:4      | Reached skill level 5 in Conjurations
  6195 | D:4      | Got a pitted tin ring
  6277 | D:4      | Identified the ring "Louth" {rElec rF+ MR+ Int+3 Stlth-} (You found it on level 4 of the Dungeon)
  6322 | D:5      | Entered Level 5 of the Dungeon
  6537 | D:5      | Reached XP level 7. HP: 41/41 MP: 1/14
  6926 | D:5      | Gained mutation: You have large cloven feet. [mutagenic meat]
  6927 | D:5      | Gained mutation: You are weak. (Str -2) [mutagenic meat]
  6928 | D:5      | Lost mutation: You are weak. (Str -2) [mutagenic meat]
  7138 | D:5      | Noticed Crazy Yiuf
  7141 | D:5      | Killed Crazy Yiuf
  7234 | D:5      | Reached skill level 1 in Evocations
  7496 | D:6      | Noticed Dowan
  7499 | D:6      | Noticed Duvessa
  7699 | D:6      | Killed Duvessa
  7699 | D:6      | Reached XP level 8. HP: 46/46 MP: 8/16
  7919 | D:6      | Killed Dowan
  8150 | D:6      | Reached skill level 5 in Evocations
  8279 | D:6      | Reached skill level 5 in Spellcasting
  8446 | D:6      | Found a staircase to the Ecumenical Temple.
  8455 | Temple   | Entered the Ecumenical Temple
  8588 | Temple   | Became a worshipper of Vehumet
  8684 | D:6      | Slain by an orc warrior

Skill      XL: |  1  2  3  4  5  6  7  8 |
---------------+-------------------------+-----
Spellcasting   | 3 4 5 |  5.3
Air Magic      | 4 5 |  5.4
Conjurations   | 2 4 5 |  5.8
Armour         | 3 4 |  4.0
Evocations     | 3 5 |  5.1
Staves         | |  0.2
Dodging        | |  2.1
Stealth        | |  2.1

Action                   |  1- 3 |  4- 6 |  7- 9 || total
-------------------------+-------+-------+-------++-------
Melee: Unarmed           |    22 |    19 |       ||    41
       Short sword       |       |   145 |     2 ||   147
       Quarterstaff      |       |       |     1 ||     1
       Kick              |       |       |     1 ||     1
 Cast: Shock             |    91 |   169 |   126 ||   386
Evoke: Wand              |       |       |     1 ||     1
  Use: Potion            |     5 |     5 |     1 ||    11
       Scroll            |     6 |     2 |     4 ||    12
 Stab: Sleeping          |     1 |       |       ||     1
  Eat: Chunk             |     5 |    12 |     8 ||    25
       Royal jelly       |       |     1 |       ||     1
Armor: Robe              |     5 |    16 |    14 ||    35
Dodge: Dodged            |    21 |    42 |    31 ||    94
